Moose vs Admirals
Created - December 26, 2023 at 23:21
Goals
|
| Moose |
1 |
2 |
2 |
5 |
| Admirals |
1 |
1 |
1 |
3 |
|
Shots
|
| Moose |
9 |
11 |
5 |
25 |
| Admirals |
17 |
10 |
13 |
40 |
|
1st period
1. Moose , Dylan Strome 23 (Mathieu Joseph 23, Kyle Connor 5) at 7:50
2. Admirals , Hunter Shinkaruk 19 (Reilly Walsh 14, Mark McNeill 13) at 12:39
Penalties :
No Penalty
2nd period
3. Admirals , Hunter Shinkaruk 20 (Anton Gustafsson 16, Mark McNeill 14) at 3:56
4. Moose , Michael McLeod 12 (Nikolay Goldobin 16, Tomas Jurco 5) at 4:06
5. Moose , Michael McLeod 13 (Nikolay Goldobin 17, Filip Gustavsson) at 6:34
Penalties :
Juuso Valimaki (Man) for Slashing (Minor) at 12:44
3rd period
6. Moose , Jake Leschyshyn 4 (Mirco Mueller 5, Ludwig Bystrom 13) at 4:19
7. Moose , Mathieu Joseph 12 (Matthew Benning 6, Mirco Mueller 6) at 9:09
8. Admirals , Mark McNeill 12 (Anton Gustafsson 17) at 18:23
Penalties :
Reilly Walsh (Mil) for Slashing (Minor) at 4:26, Dylan Strome (Man) for Holding (Minor) at 4:33, Tomas Jurco (Man) for Roughing (Minor) at 19:00
Goalie Stats
Filip Gustavsson (Man), 37 saves from 40 shots - (0.925), W, 15-9-2, 60:00 minutes
Felix Sanstrom (Mil), 1 saves from 1 shots - (1.000), 10:51 minutes
Tristan Jarry (Mil), 19 saves from 24 shots - (0.792), L, 4-5-3, 49:09 minutes
Players Stats for Moose
Player Name G A P +/- PIM S H SB GA TA FO MP PP MP PK MP
------------------------------------------------------------------------------------
Anders Bjork 0 0 0 -1 0 2 1 0 2 0 0/0 13:35 0:00 0:37
Boris Katchouk 0 0 0 1 0 0 1 0 0 0 0/0 9:45 0:00 0:00
Chase De Leo 0 0 0 -1 0 0 1 1 1 0 4/6 12:51 0:00 0:00
Dylan Strome 1 0 1 2 2 7 3 0 0 0 12/21 19:40 0:06 1:39
Jake Leschyshyn 1 0 1 1 0 1 0 0 0 0 2/3 10:18 0:00 0:48
Joey Keane 0 0 0 2 0 0 0 5 1 0 0/0 15:52 0:00 0:32
Josh Mahura 0 0 0 2 0 0 1 0 0 0 0/0 15:46 0:00 0:26
Julien Gauthier 0 0 0 -1 0 0 1 0 0 0 0/0 12:13 0:00 0:00
Juuso Valimaki 0 0 0 1 2 0 0 1 0 1 0/0 19:05 0:00 0:19
Kieffer Bellows 0 0 0 1 0 0 1 2 1 0 1/1 9:45 0:00 0:00
Kyle Connor 0 1 1 2 0 2 3 2 0 0 0/4 20:25 0:07 1:48
Ludwig Bystrom 0 1 1 -1 0 1 1 2 0 1 0/0 24:38 0:07 1:48
Mathieu Joseph 1 1 2 2 0 3 0 0 1 1 0/0 17:36 0:07 0:00
Matthew Benning 0 1 1 1 0 2 0 1 0 0 0/0 20:02 0:00 1:17
Michael McLeod 2 0 2 0 0 3 3 1 1 0 11/20 17:42 0:00 0:38
Mirco Mueller 0 2 2 -1 0 0 1 5 0 1 0/0 24:38 0:07 1:48
Nikolay Goldobin 0 2 2 0 0 4 1 1 1 0 0/0 16:09 0:00 0:40
Tomas Jurco 0 1 1 0 2 0 1 1 1 0 0/1 15:00 0:00 0:00
Players Stats for Admirals
Player Name G A P +/- PIM S H SB GA TA FO MP PP MP PK MP
------------------------------------------------------------------------------------
Anton Gustafsson 0 2 2 2 0 5 1 0 0 0 17/32 20:55 1:38 0:07
Barrett Hayton 0 0 0 0 0 1 1 0 0 0 0/2 8:29 0:00 0:00
Christian Djoos 0 0 0 0 0 1 2 0 0 1 0/0 20:04 1:43 0:07
Drew O'Connor 0 0 0 -3 0 0 2 1 1 0 2/2 17:08 1:21 0:00
Gerald Mayhew 0 0 0 -1 0 1 5 0 0 0 0/0 12:59 0:06 0:00
Grant Hutton 0 0 0 0 0 0 0 0 0 0 0/0 6:25 0:06 0:00
Hunter Shinkaruk 2 0 2 2 0 7 2 1 0 0 1/2 20:15 1:38 0:00
Josh Norris 0 0 0 -1 0 2 1 0 1 0 2/10 12:47 0:00 0:00
Josh Wesley 0 0 0 -2 0 1 0 0 0 0 0/0 14:30 0:00 0:00
Kasper Bjorkqvist 0 0 0 -3 0 5 1 0 0 0 0/0 17:08 1:21 0:00
Lucas Wallmark 0 0 0 -3 0 2 1 2 0 0 2/6 17:22 1:21 0:00
Mark McNeill 1 2 3 2 0 6 3 0 0 0 1/1 20:55 1:38 0:07
Milos Kelemen 0 0 0 0 0 1 2 0 0 0 1/1 8:29 0:00 0:00
Olli Juolevi 0 0 0 0 0 1 0 0 1 2 0/0 19:35 1:16 0:00
Pavol Regenda 0 0 0 -1 0 0 1 0 0 0 0/0 12:32 0:00 0:00
Reilly Walsh 0 1 1 0 2 2 1 2 0 2 0/0 18:59 1:22 0:00
Riley Barber 0 0 0 0 0 1 1 0 0 1 0/0 8:56 0:06 0:00
Sean Durzi 0 0 0 -2 0 0 0 2 0 0 0/0 15:09 0:06 0:00
T.J Brodie 0 0 0 0 0 4 2 2 1 3 0/0 25:23 1:43 0:07
3 Stars
1 - Mark McNeill (Mil)
2 - Michael McLeod (Man)
3 - Hunter Shinkaruk (Mil)
Power Play
Moose - 0 on 1 Attempt(s) - 0.00%
Admirals - 0 on 3 Attempt(s) - 0.00%
Penalty Kill
Moose - 3 on 3 Attempt(s) - 100.00%
- Score 0 goal in Penalty Kill
Admirals - 1 on 1 Attempt(s) - 100.00%
- Score 0 goal in Penalty Kill
Team Stat
Moose - Hits : 19 - Faceoff Wins : 30 - Blocked Shots : 22 - Penalty Minutes : 6
Admirals - Hits : 26 - Faceoff Wins : 26 - Blocked Shots : 10 - Penalty Minutes : 2
Official
Referees : Kyle Rehman and Chris Schlenker
Linesman : Ryan Galloway and Vaughan Rody
Game Notes
Felix Sanstrom enters game at 9:09 of 3rd period
Finance
Level 1 -- Attendance: 1900 (95.00%) -- Ticket Income $133,000
Level 2 -- Attendance: 905 (90.50%) -- Ticket Income $36,200
Total Attendance: 2805 (93.50%)
Total Ticket Income: $169,200
Other Income: $8,460
Total Income: $177,660
Moose
5 vs 5 Forward
Center Left Wing Right Wing Time % Phy DF OF
1 Dylan Strome Kyle Connor Mathieu Joseph 40 1 2 2
2 Michael McLeod Nikolay Goldobin Tomas Jurco 30 1 2 2
3 Chase De Leo Anders Bjork Julien Gauthier 20 1 2 2
4 Jake Leschyshyn Boris Katchouk Kieffer Bellows 10 1 2 2
5 vs 5 Defense
Defense Defense Time % Phy DF OF
1 Mirco Mueller Ludwig Bystrom 40 1 2 2
2 Matthew Benning Juuso Valimaki 30 1 2 2
3 Joey Keane Josh Mahura 20 1 2 2
4 Mirco Mueller Ludwig Bystrom 10 1 2 2
PowerPlay Forward
Center Left Wing Right Wing Time % Phy DF OF
1 Dylan Strome Kyle Connor Mathieu Joseph 60 1 2 2
2 Michael McLeod Nikolay Goldobin Tomas Jurco 40 1 2 2
PowerPlay Defense
Defense Defense Time % Phy DF OF
1 Mirco Mueller Ludwig Bystrom 60 1 2 2
2 Matthew Benning Juuso Valimaki 40 1 2 2
Penalty Kill 4 Players Forward
Center Wing Time % Phy DF OF
1 Dylan Strome Kyle Connor 60 1 2 2
2 Michael McLeod Nikolay Goldobin 40 1 2 2
Penalty Kill 4 Players Defense
Defense Defense Time % Phy DF OF
1 Mirco Mueller Ludwig Bystrom 60 1 2 2
2 Matthew Benning Juuso Valimaki 40 1 2 2
Penalty Kill - 3 Players Forward
Forward Time % Phy DF OF
1 Dylan Strome 60 1 2 2
2 Michael McLeod 40 1 2 2
Penalty Kill - 3 Players Defense
Defense Defense Time % Phy DF OF
1 Mirco Mueller Ludwig Bystrom 60 1 2 2
2 Matthew Benning Juuso Valimaki 40 1 2 2
4 vs 4 Forward
Center Wing Time % Phy DF OF
1 Dylan Strome Kyle Connor 60 1 2 2
2 Michael McLeod Nikolay Goldobin 40 1 2 2
4 vs 4 Defense
Defense Defense Time % Phy DF OF
1 Mirco Mueller Ludwig Bystrom 60 1 2 2
2 Matthew Benning Juuso Valimaki 40 1 2 2
Last Minutes Offensive
Center Left Wing Right Wing Defense Defense
Dylan Strome Kyle Connor Mathieu Joseph Mirco Mueller Ludwig Bystrom
Last Minutes Defensive
Center Left Wing Right Wing Defense Defense
Dylan Strome Kyle Connor Mathieu Joseph Mirco Mueller Ludwig Bystrom
Goaltenders
Starting : Filip Gustavsson
Backup : Daniel Vladar
Extra Forwards
Normal : Dylan Strome, Michael McLeod, Chase De Leo - PP : Dylan Strome, Michael McLeod - PK : Dylan Strome
Extra Defensemen
Normal : Juuso Valimaki, Mirco Mueller, Josh Mahura - PP : Juuso Valimaki - PK : Juuso Valimaki, Josh Mahura
Penalty Shots
Kyle Connor, Mathieu Joseph, Tomas Jurco, Nikolay Goldobin, Dylan Strome
Custom OT Lines Forwards
Kyle Connor, Mathieu Joseph, Tomas Jurco, Nikolay Goldobin, Dylan Strome, Michael McLeod, Chase De Leo, Anders Bjork, Julien Gauthier, Boris Katchouk
Custom OT Lines Defensemen
Mirco Mueller, Ludwig Bystrom, Matthew Benning, Juuso Valimaki, Josh Mahura
Scratches
Vinni Lettieri (Healthy), Caleb Jones (Left Foot Injury), Adam Ruzicka (Healthy), Riley Damiani (Healthy), Alexander Khovanov (Healthy)
Urho Vaakanainen (Healthy), Mitchell Stephens (Healthy), Nelson Nogier (Healthy), Nick Merkley (Healthy), Jonathan Kovacevic (Healthy)
Adam Ginning (Healthy), Jonny Tychonick (Healthy), Max Jones (Healthy), Nathan Bastian (Healthy), William Bitten (Healthy)
Jonatan Berggren (Healthy), Joey Daccord (Healthy), Karel Vejmelka (Healthy)
Admirals
5 vs 5 Forward
Center Left Wing Right Wing Time % Phy DF OF
1 Anton Gustafsson Hunter Shinkaruk Mark McNeill 40 1 2 2
2 Lucas Wallmark Drew O'Connor Kasper Bjorkqvist 30 1 2 2
3 Josh Norris Pavol Regenda Gerald Mayhew 20 1 2 2
4 Barrett Hayton Milos Kelemen Riley Barber 10 1 2 2
5 vs 5 Defense
Defense Defense Time % Phy DF OF
1 T.J Brodie Christian Djoos 40 1 2 2
2 Olli Juolevi Reilly Walsh 30 1 2 2
3 Josh Wesley Sean Durzi 20 1 2 2
4 Grant Hutton T.J Brodie 10 1 2 2
PowerPlay Forward
Center Left Wing Right Wing Time % Phy DF OF
1 Anton Gustafsson Hunter Shinkaruk Mark McNeill 60 1 2 2
2 Lucas Wallmark Drew O'Connor Kasper Bjorkqvist 40 1 2 2
PowerPlay Defense
Defense Defense Time % Phy DF OF
1 T.J Brodie Christian Djoos 60 1 2 2
2 Olli Juolevi Reilly Walsh 40 1 2 2
Penalty Kill 4 Players Forward
Center Wing Time % Phy DF OF
1 Anton Gustafsson Mark McNeill 60 1 2 2
2 Hunter Shinkaruk Lucas Wallmark 40 1 2 2
Penalty Kill 4 Players Defense
Defense Defense Time % Phy DF OF
1 T.J Brodie Christian Djoos 60 1 2 2
2 Olli Juolevi Reilly Walsh 40 1 2 2
Penalty Kill - 3 Players Forward
Forward Time % Phy DF OF
1 Anton Gustafsson 60 1 2 2
2 Mark McNeill 40 1 2 2
Penalty Kill - 3 Players Defense
Defense Defense Time % Phy DF OF
1 T.J Brodie Christian Djoos 60 1 2 2
2 Olli Juolevi Reilly Walsh 40 1 2 2
4 vs 4 Forward
Center Wing Time % Phy DF OF
1 Anton Gustafsson Mark McNeill 60 1 2 2
2 Hunter Shinkaruk Lucas Wallmark 40 1 2 2
4 vs 4 Defense
Defense Defense Time % Phy DF OF
1 T.J Brodie Christian Djoos 60 1 2 2
2 Olli Juolevi Reilly Walsh 40 1 2 2
Last Minutes Offensive
Center Left Wing Right Wing Defense Defense
Anton Gustafsson Hunter Shinkaruk Mark McNeill T.J Brodie Christian Djoos
Last Minutes Defensive
Center Left Wing Right Wing Defense Defense
Anton Gustafsson Hunter Shinkaruk Mark McNeill T.J Brodie Christian Djoos
Goaltenders
Starting : Tristan Jarry
Backup : Felix Sanstrom
Extra Forwards
Normal : Gerald Mayhew, Riley Barber, Josh Norris - PP : Gerald Mayhew, Riley Barber - PK : Josh Norris
Extra Defensemen
Normal : Josh Wesley, Sean Durzi, Grant Hutton - PP : Josh Wesley - PK : Sean Durzi, Grant Hutton
Penalty Shots
Anton Gustafsson, Mark McNeill, Hunter Shinkaruk, Lucas Wallmark, Kasper Bjorkqvist
Custom OT Lines Forwards
Anton Gustafsson, Mark McNeill, Hunter Shinkaruk, Lucas Wallmark, Kasper Bjorkqvist, Gerald Mayhew, Riley Barber, Josh Norris, Drew O'Connor, Pavol Regenda
Custom OT Lines Defensemen
T.J Brodie, Christian Djoos, Olli Juolevi, Reilly Walsh, Josh Wesley
Scratches
Bokondji Imama (Healthy), Carl Dahlstrom (Healthy), Joni Ikonen (Healthy), Ruslan Iskhakov (Healthy), Filip Chlapik (Healthy)
Ian Mitchell (Strained Right Knee Injury), Mattias Backman (Healthy), Nolan Vesey (Healthy), Kristian Vesalainen (Healthy), Ryan Olsen (Healthy)
Sergei Zborovskiy (Healthy), Troy Bourke (Healthy), Carsen Twarynski (Healthy), Libor Hajek (Healthy), Linus Ullmark (Healthy)
% Time on Ice - Moose
Lines # - Real PCT - Wanted PCT - Time Play
Normal Forward
1 - 33% - 40% - 17:55
2 - 27% - 30% - 15:03
3 - 22% - 20% - 12:13
4 - 18% - 10% - 9:45
Normal Defense
1 - 36% - 40% - 19:51
2 - 33% - 30% - 18:01
3 - 28% - 20% - 15:20
4 - 3% - 10% - 1:44
PP Forward
1 - 100% - 60% - 0:07
2 - 0% - 40% - 0:00
PP Defense
1 - 100% - 60% - 0:07
2 - 0% - 40% - 0:00
PK Forward
1 - 79% - 60% - 2:27
2 - 21% - 40% - 0:38
PK Defense
1 - 58% - 60% - 1:48
2 - 42% - 40% - 1:17
PK3 Forward
1 - 0% - 60%
2 - 0% - 40%
PK3 Defense
1 - 0% - 60%
2 - 0% - 40%
44 Forward
1 - 100% - 60% - 1:52
2 - 0% - 40% - 0:00
44 Defense
1 - 61% - 60% - 1:08
2 - 39% - 40% - 0:44
Last Minute Offensive - 0:00
Last Minute Defensive - 0:00
Total
Forward - 60:00
Defense - 60:00
|
% Time on Ice - Admirals
Lines # - Real PCT - Wanted PCT - Time Play
Normal Forward
1 - 33% - 40% - 18:08
2 - 29% - 30% - 15:47
3 - 23% - 20% - 12:32
4 - 15% - 10% - 8:29
Normal Defense
1 - 31% - 40% - 17:15
2 - 32% - 30% - 17:38
3 - 25% - 20% - 13:56
4 - 11% - 10% - 6:07
PP Forward
1 - 56% - 60% - 1:44
2 - 44% - 40% - 1:21
PP Defense
1 - 56% - 60% - 1:43
2 - 44% - 40% - 1:22
PK Forward
1 - 100% - 60% - 0:07
2 - 0% - 40% - 0:00
PK Defense
1 - 100% - 60% - 0:07
2 - 0% - 40% - 0:00
PK3 Forward
1 - 0% - 60%
2 - 0% - 40%
PK3 Defense
1 - 0% - 60%
2 - 0% - 40%
44 Forward
1 - 88% - 60% - 1:38
2 - 13% - 40% - 0:14
44 Defense
1 - 53% - 60% - 0:59
2 - 47% - 40% - 0:53
Last Minute Offensive - 0:00
Last Minute Defensive - 0:00
Total
Forward - 60:00
Defense - 60:00
|
Play-by-Play
1st period
0:01 of 1st period - Dylan Strome wins face-off versus Hunter Shinkaruk in neutral zone.
0:06 of 1st period - Slapshot by Kyle Connor.
0:06 of 1st period - Stopped by Tristan Jarry without a rebound.
0:07 of 1st period - Dylan Strome wins face-off versus Anton Gustafsson in Admirals zone.
0:08 of 1st period - Wrist shot by Mathieu Joseph.
0:08 of 1st period - Stopped by Tristan Jarry with a rebound.
0:16 of 1st period - Mirco Mueller is hit by Christian Djoos and loses puck.
0:21 of 1st period - Snap shot by Hunter Shinkaruk.
0:21 of 1st period - Shot Misses the Net.
0:23 of 1st period - Snap shot by Anton Gustafsson.
0:23 of 1st period - Deflect By Hunter Shinkaruk.
0:23 of 1st period - Stopped by Filip Gustavsson with a rebound.
1:01 of 1st period - Wrist shot by Barrett Hayton.
1:01 of 1st period - Stopped by Filip Gustavsson with a rebound.
1:03 of 1st period - Slapshot by Christian Djoos.
1:03 of 1st period - Shot Misses the Net.
1:05 of 1st period - Slapshot by T.J Brodie.
1:05 of 1st period - Stopped by Filip Gustavsson without a rebound.
1:06 of 1st period - Kieffer Bellows wins face-off versus Josh Norris in Moose zone.
1:12 of 1st period - Off-side.
1:13 of 1st period - Jake Leschyshyn wins face-off versus Josh Norris in neutral zone.
1:44 of 1st period - Snap shot by Mark McNeill.
1:44 of 1st period - Deflect By Hunter Shinkaruk.
1:44 of 1st period - Shot Misses the Net.
1:44 of 1st period - Puck is out of play.
1:45 of 1st period - Anton Gustafsson wins face-off versus Dylan Strome in Moose zone.
1:46 of 1st period - Wrist shot by Hunter Shinkaruk.
1:46 of 1st period - Stopped by Filip Gustavsson with a rebound.
1:54 of 1st period - Wrist shot by Kyle Connor.
1:54 of 1st period - Stopped by Tristan Jarry with a rebound.
1:56 of 1st period - Wrist shot by Kyle Connor.
1:56 of 1st period - Shot Misses the Net.
1:58 of 1st period - Snap shot by Dylan Strome.
1:58 of 1st period - Stopped by Tristan Jarry without a rebound.
1:59 of 1st period - Lucas Wallmark wins face-off versus Chase De Leo in Admirals zone.
2:24 of 1st period - Ludwig Bystrom is hit by Anton Gustafsson and loses puck.
3:05 of 1st period - Gerald Mayhew is hit by Kieffer Bellows and loses puck.
3:16 of 1st period - Matthew Benning is hit by T.J Brodie and loses puck.
3:47 of 1st period - Josh Wesley is hit by Dylan Strome and loses puck.
4:12 of 1st period - Ludwig Bystrom is hit by Milos Kelemen and loses puck.
4:39 of 1st period - Off-side.
4:40 of 1st period - Drew O'Connor wins face-off versus Dylan Strome in neutral zone.
5:50 of 1st period - Wrist shot by Barrett Hayton.
5:50 of 1st period - Shot Blocked by Mirco Mueller.
6:15 of 1st period - Snap shot by Mathieu Joseph.
6:15 of 1st period - Stopped by Tristan Jarry with a rebound.
6:37 of 1st period - Snap shot by Tomas Jurco.
6:37 of 1st period - Shot Blocked by T.J Brodie.
6:39 of 1st period - Slapshot by Juuso Valimaki.
6:39 of 1st period - Shot Blocked by Hunter Shinkaruk.
7:24 of 1st period - Snap shot by T.J Brodie.
7:24 of 1st period - Shot Misses the Net.
7:48 of 1st period - Snap shot by Dylan Strome.
7:48 of 1st period - Shot Blocked by Lucas Wallmark.
7:50 of 1st period - Wrist shot by Dylan Strome.
7:50 of 1st period - Goal by Dylan Strome - Moose : 1 - Admirals : 0.
7:51 of 1st period - Anton Gustafsson wins face-off versus Dylan Strome in neutral zone.
7:58 of 1st period - Wrist shot by Anton Gustafsson.
7:58 of 1st period - Deflect By Dylan Strome.
7:58 of 1st period - Stopped by Filip Gustavsson with a rebound.
8:23 of 1st period - Wrist shot by Anders Bjork.
8:23 of 1st period - Shot Misses the Net.
8:48 of 1st period - Icing by Lucas Wallmark.
8:49 of 1st period - Dylan Strome wins face-off versus Lucas Wallmark in Admirals zone.
9:20 of 1st period - Snap shot by Kasper Bjorkqvist.
9:20 of 1st period - Shot Misses the Net.
9:43 of 1st period - Wrist shot by Kasper Bjorkqvist.
9:43 of 1st period - Shot Misses the Net.
9:45 of 1st period - Snap shot by Lucas Wallmark.
9:45 of 1st period - Shot Misses the Net.
10:05 of 1st period - Snap shot by Kasper Bjorkqvist.
10:05 of 1st period - Shot Blocked by Kyle Connor.
10:07 of 1st period - Slapshot by Josh Wesley.
10:07 of 1st period - Shot Blocked by Juuso Valimaki.
10:51 of 1st period - Snap shot by Kasper Bjorkqvist.
10:51 of 1st period - Shot Misses the Net.
10:53 of 1st period - Slapshot by Sean Durzi.
10:53 of 1st period - Shot Misses the Net.
10:55 of 1st period - Slapshot by Josh Wesley.
10:55 of 1st period - Shot Misses the Net.
11:11 of 1st period - Josh Wesley is hit by Dylan Strome and loses puck.
11:24 of 1st period - Kyle Connor is hit by Kasper Bjorkqvist and loses puck.
11:39 of 1st period - Snap shot by Mathieu Joseph.
11:39 of 1st period - Shot Misses the Net.
12:13 of 1st period - Slapshot by Lucas Wallmark.
12:13 of 1st period - Stopped by Filip Gustavsson with a rebound.
12:15 of 1st period - Wrist shot by Kasper Bjorkqvist.
12:15 of 1st period - Stopped by Filip Gustavsson without a rebound.
12:16 of 1st period - Michael McLeod wins face-off versus Anton Gustafsson in Moose zone.
12:21 of 1st period - Snap shot by Hunter Shinkaruk.
12:21 of 1st period - Stopped by Filip Gustavsson with a rebound.
12:23 of 1st period - Wrist shot by Reilly Walsh.
12:23 of 1st period - Stopped by Filip Gustavsson with a rebound.
12:25 of 1st period - Wrist shot by Anton Gustafsson.
12:25 of 1st period - Stopped by Filip Gustavsson without a rebound.
12:26 of 1st period - Anton Gustafsson wins face-off versus Michael McLeod in Moose zone.
12:33 of 1st period - Snap shot by Mark McNeill.
12:33 of 1st period - Shot Misses the Net.
12:35 of 1st period - Snap shot by Mark McNeill.
12:35 of 1st period - Shot Blocked by Michael McLeod.
12:37 of 1st period - Slapshot by Reilly Walsh.
12:37 of 1st period - Shot Blocked by Ludwig Bystrom.
12:39 of 1st period - Slapshot by Hunter Shinkaruk.
12:39 of 1st period - Goal by Hunter Shinkaruk - Moose : 1 - Admirals : 1.
12:40 of 1st period - Michael McLeod wins face-off versus Anton Gustafsson in neutral zone.
13:05 of 1st period - T.J Brodie is hit by Julien Gauthier.
13:09 of 1st period - Wrist shot by Anders Bjork.
13:09 of 1st period - Stopped by Tristan Jarry with a rebound.
13:17 of 1st period - Gerald Mayhew is hit by Anders Bjork and loses puck.
13:50 of 1st period - Snap shot by Mark McNeill.
13:50 of 1st period - Stopped by Filip Gustavsson with a rebound.
14:08 of 1st period - Wrist shot by Michael McLeod.
14:08 of 1st period - Deflect By Chase De Leo.
14:08 of 1st period - Shot Misses the Net.
14:08 of 1st period - Puck is out of play.
14:09 of 1st period - Chase De Leo wins face-off versus Josh Norris in Admirals zone.
14:10 of 1st period - Snap shot by Anders Bjork.
14:10 of 1st period - Stopped by Tristan Jarry without a rebound.
14:11 of 1st period - Chase De Leo wins face-off versus Anton Gustafsson in Admirals zone.
14:21 of 1st period - Icing by Hunter Shinkaruk.
14:22 of 1st period - Anton Gustafsson wins face-off versus Michael McLeod in Admirals zone.
14:31 of 1st period - Wrist shot by Anton Gustafsson.
14:31 of 1st period - Shot Blocked by Tomas Jurco.
14:51 of 1st period - Snap shot by Gerald Mayhew.
14:51 of 1st period - Shot Blocked by Mirco Mueller.
14:53 of 1st period - Wrist shot by Josh Norris.
14:53 of 1st period - Shot Blocked by Mirco Mueller.
14:55 of 1st period - Wrist shot by Gerald Mayhew.
14:55 of 1st period - Shot Misses the Net.
15:01 of 1st period - Wrist shot by Josh Norris.
15:01 of 1st period - Stopped by Filip Gustavsson without a rebound.
15:02 of 1st period - Milos Kelemen wins face-off versus Michael McLeod in Moose zone.
15:03 of 1st period - Slapshot by T.J Brodie.
15:03 of 1st period - Deflect By Milos Kelemen.
15:03 of 1st period - Stopped by Filip Gustavsson without a rebound.
15:04 of 1st period - Michael McLeod wins face-off versus Barrett Hayton in Moose zone.
15:04 of 1st period - Michael McLeod is hit by Riley Barber.
15:18 of 1st period - Riley Barber is hit by Nikolay Goldobin and loses puck.
15:26 of 1st period - Icing by T.J Brodie.
15:27 of 1st period - Anton Gustafsson wins face-off versus Chase De Leo in Admirals zone.
16:06 of 1st period - Wrist shot by Riley Barber.
16:06 of 1st period - Shot Blocked by Mirco Mueller.
16:36 of 1st period - Lucas Wallmark is hit by Ludwig Bystrom and loses puck.
17:06 of 1st period - Icing by Anton Gustafsson.
17:07 of 1st period - Anton Gustafsson wins face-off versus Jake Leschyshyn in Admirals zone.
17:26 of 1st period - Wrist shot by Kieffer Bellows.
17:26 of 1st period - Shot Misses the Net.
17:58 of 1st period - Boris Katchouk is hit by Hunter Shinkaruk and loses puck.
18:03 of 1st period - Snap shot by Anton Gustafsson.
18:03 of 1st period - Shot Misses the Net.
18:05 of 1st period - Wrist shot by Mark McNeill.
18:05 of 1st period - Shot Misses the Net.
18:07 of 1st period - Wrist shot by T.J Brodie.
18:07 of 1st period - Deflect By Hunter Shinkaruk.
18:07 of 1st period - Stopped by Filip Gustavsson with a rebound.
18:09 of 1st period - Slapshot by T.J Brodie.
18:09 of 1st period - Shot Blocked by Kieffer Bellows.
18:11 of 1st period - Slapshot by T.J Brodie.
18:11 of 1st period - Stopped by Filip Gustavsson without a rebound.
18:12 of 1st period - Michael McLeod wins face-off versus Josh Norris in Moose zone.
18:17 of 1st period - Snap shot by Gerald Mayhew.
18:17 of 1st period - Stopped by Filip Gustavsson without a rebound.
18:18 of 1st period - Michael McLeod wins face-off versus Josh Norris in Moose zone.
18:54 of 1st period - Matthew Benning is hit by Drew O'Connor.
19:29 of 1st period - Wrist shot by Nikolay Goldobin.
19:29 of 1st period - Shot Blocked by Sean Durzi.
19:57 of 1st period - Slapshot by Michael McLeod.
19:57 of 1st period - Deflect By Nikolay Goldobin.
19:57 of 1st period - Stopped by Tristan Jarry without a rebound.
19:58 of 1st period - Lucas Wallmark wins face-off versus Michael McLeod in Admirals zone.
Goals for this period are 1 for Moose vs 1 for Admirals.
Shots for this period are 9 for Moose vs 17 for Admirals.
2nd period
0:01 of 2nd period - Michael McLeod wins face-off versus Anton Gustafsson in neutral zone.
0:25 of 2nd period - Kyle Connor is hit by Gerald Mayhew and loses puck.
0:53 of 2nd period - Slapshot by Kasper Bjorkqvist.
0:53 of 2nd period - Stopped by Filip Gustavsson with a rebound.
1:11 of 2nd period - Snap shot by Julien Gauthier.
1:11 of 2nd period - Shot Misses the Net.
1:13 of 2nd period - Snap shot by Juuso Valimaki.
1:13 of 2nd period - Shot Blocked by Reilly Walsh.
1:15 of 2nd period - Slapshot by Matthew Benning.
1:15 of 2nd period - Stopped by Tristan Jarry with a rebound.
1:17 of 2nd period - Wrist shot by Juuso Valimaki.
1:17 of 2nd period - Shot Misses the Net.
1:29 of 2nd period - Nikolay Goldobin is hit by Hunter Shinkaruk and loses puck.
1:52 of 2nd period - Slapshot by Dylan Strome.
1:52 of 2nd period - Shot Misses the Net.
1:54 of 2nd period - Wrist shot by Mathieu Joseph.
1:54 of 2nd period - Shot Misses the Net.
2:06 of 2nd period - Boris Katchouk is hit by Lucas Wallmark and loses puck.
2:32 of 2nd period - Icing by Ludwig Bystrom.
2:33 of 2nd period - Chase De Leo wins face-off versus Josh Norris in Moose zone.
2:37 of 2nd period - Off-side.
2:38 of 2nd period - Josh Norris wins face-off versus Kyle Connor in neutral zone.
3:06 of 2nd period - Wrist shot by Anton Gustafsson.
3:06 of 2nd period - Shot Misses the Net.
3:08 of 2nd period - Wrist shot by Mark McNeill.
3:08 of 2nd period - Stopped by Filip Gustavsson with a rebound.
3:12 of 2nd period - Wrist shot by Anton Gustafsson.
3:12 of 2nd period - Stopped by Filip Gustavsson without a rebound.
3:13 of 2nd period - Anton Gustafsson wins face-off versus Kyle Connor in Moose zone.
3:54 of 2nd period - Wrist shot by Anton Gustafsson.
3:54 of 2nd period - Shot Blocked by Chase De Leo.
3:56 of 2nd period - Snap shot by Hunter Shinkaruk.
3:56 of 2nd period - Goal by Hunter Shinkaruk - Moose : 1 - Admirals : 2.
3:57 of 2nd period - Michael McLeod wins face-off versus Josh Norris in neutral zone.
4:04 of 2nd period - Snap shot by Michael McLeod.
4:04 of 2nd period - Shot Misses the Net.
4:06 of 2nd period - Wrist shot by Michael McLeod.
4:06 of 2nd period - Goal by Michael McLeod - Moose : 2 - Admirals : 2.
4:07 of 2nd period - Michael McLeod wins face-off versus Anton Gustafsson in neutral zone.
6:05 of 2nd period - Snap shot by Dylan Strome.
6:05 of 2nd period - Stopped by Tristan Jarry without a rebound.
6:06 of 2nd period - Anton Gustafsson wins face-off versus Michael McLeod in Admirals zone.
6:08 of 2nd period - Icing by Hunter Shinkaruk.
6:09 of 2nd period - Anton Gustafsson wins face-off versus Michael McLeod in Admirals zone.
6:34 of 2nd period - Snap shot by Michael McLeod.
6:34 of 2nd period - Goal by Michael McLeod - Moose : 3 - Admirals : 2.
6:35 of 2nd period - Anton Gustafsson wins face-off versus Kyle Connor in neutral zone.
7:11 of 2nd period - Slapshot by T.J Brodie.
7:11 of 2nd period - Stopped by Filip Gustavsson without a rebound.
7:12 of 2nd period - Michael McLeod wins face-off versus Anton Gustafsson in Moose zone.
7:17 of 2nd period - Snap shot by Nikolay Goldobin.
7:17 of 2nd period - Stopped by Tristan Jarry with a rebound.
7:59 of 2nd period - Snap shot by Tomas Jurco.
7:59 of 2nd period - Deflect By Michael McLeod.
7:59 of 2nd period - Stopped by Tristan Jarry with a rebound.
8:01 of 2nd period - Slapshot by Matthew Benning.
8:01 of 2nd period - Deflect By Lucas Wallmark.
8:01 of 2nd period - Stopped by Tristan Jarry without a rebound.
8:02 of 2nd period - Dylan Strome wins face-off versus Lucas Wallmark in Admirals zone.
8:03 of 2nd period - Wrist shot by Mathieu Joseph.
8:03 of 2nd period - Shot Misses the Net.
8:05 of 2nd period - Snap shot by Dylan Strome.
8:05 of 2nd period - Shot Blocked by Drew O'Connor.
8:07 of 2nd period - Wrist shot by Dylan Strome.
8:07 of 2nd period - Stopped by Tristan Jarry without a rebound.
8:08 of 2nd period - Dylan Strome wins face-off versus Anton Gustafsson in Admirals zone.
8:23 of 2nd period - Wrist shot by Dylan Strome.
8:23 of 2nd period - Stopped by Tristan Jarry without a rebound.
8:24 of 2nd period - Michael McLeod wins face-off versus Lucas Wallmark in Admirals zone.
8:58 of 2nd period - Snap shot by Dylan Strome.
8:58 of 2nd period - Stopped by Tristan Jarry without a rebound.
8:59 of 2nd period - Hunter Shinkaruk wins face-off versus Dylan Strome in Admirals zone.
8:59 of 2nd period - Hunter Shinkaruk is hit by Kyle Connor.
9:06 of 2nd period - Slapshot by Reilly Walsh.
9:06 of 2nd period - Stopped by Filip Gustavsson with a rebound.
11:35 of 2nd period - Snap shot by Anders Bjork.
11:35 of 2nd period - Shot Hit the Post.
12:29 of 2nd period - Chase De Leo is hit by Gerald Mayhew and loses puck.
12:36 of 2nd period - Snap shot by Gerald Mayhew.
12:36 of 2nd period - Shot Blocked by Matthew Benning.
12:38 of 2nd period - Snap shot by Josh Norris.
12:38 of 2nd period - Stopped by Filip Gustavsson with a rebound.
12:44 of 2nd period - Minor Penalty to Juuso Valimaki for Slashing.
12:45 of 2nd period - Anton Gustafsson wins face-off versus Dylan Strome in Moose zone.
12:48 of 2nd period - Wrist shot by Anton Gustafsson.
12:48 of 2nd period - Shot Misses the Net.
12:50 of 2nd period - Snap shot by Christian Djoos.
12:50 of 2nd period - Shot Blocked by Kyle Connor.
13:29 of 2nd period - Anton Gustafsson is hit by Michael McLeod and loses puck.
14:44 of 2nd period - Penalty to Juuso Valimaki is over, Juuso Valimaki is back on ice.
15:16 of 2nd period - Julien Gauthier is hit by Barrett Hayton and loses puck.
15:29 of 2nd period - Joey Keane is hit by Gerald Mayhew and loses puck.
16:28 of 2nd period - Wrist shot by Boris Katchouk.
16:28 of 2nd period - Shot Misses the Net.
17:01 of 2nd period - Slapshot by Nikolay Goldobin.
17:01 of 2nd period - Stopped by Tristan Jarry without a rebound.
17:02 of 2nd period - Josh Norris wins face-off versus Dylan Strome in Admirals zone.
17:02 of 2nd period - Josh Norris is hit by Dylan Strome.
17:16 of 2nd period - Mathieu Joseph is hit by Josh Norris and loses puck.
17:34 of 2nd period - Tomas Jurco is hit by Mark McNeill and loses puck.
18:27 of 2nd period - Dylan Strome is hit by Gerald Mayhew and loses puck.
18:40 of 2nd period - Wrist shot by Kyle Connor.
18:40 of 2nd period - Shot Blocked by Reilly Walsh.
19:15 of 2nd period - Snap shot by Lucas Wallmark.
19:15 of 2nd period - Deflect By Kasper Bjorkqvist.
19:15 of 2nd period - Stopped by Filip Gustavsson with a rebound.
19:17 of 2nd period - Slapshot by Christian Djoos.
19:17 of 2nd period - Stopped by Filip Gustavsson without a rebound.
19:18 of 2nd period - Chase De Leo wins face-off versus Lucas Wallmark in Moose zone.
19:51 of 2nd period - Snap shot by Gerald Mayhew.
19:51 of 2nd period - Shot Blocked by Mirco Mueller.
19:53 of 2nd period - Slapshot by Josh Wesley.
19:53 of 2nd period - Stopped by Filip Gustavsson without a rebound.
19:54 of 2nd period - Dylan Strome wins face-off versus Josh Norris in Moose zone.
Goals for this period are 2 for Moose vs 1 for Admirals.
Shots for this period are 11 for Moose vs 10 for Admirals.
3rd period
0:01 of 3rd period - Dylan Strome wins face-off versus Anton Gustafsson in neutral zone.
0:01 of 3rd period - Dylan Strome is hit by T.J Brodie.
0:11 of 3rd period - Anton Gustafsson is hit by Kyle Connor.
0:25 of 3rd period - Kasper Bjorkqvist is hit by Tomas Jurco and loses puck.
0:32 of 3rd period - Wrist shot by Nikolay Goldobin.
0:32 of 3rd period - Stopped by Tristan Jarry without a rebound.
0:33 of 3rd period - Anton Gustafsson wins face-off versus Michael McLeod in Admirals zone.
1:39 of 3rd period - Icing by T.J Brodie.
1:40 of 3rd period - Jake Leschyshyn wins face-off versus Barrett Hayton in Admirals zone.
1:47 of 3rd period - Slapshot by T.J Brodie.
1:47 of 3rd period - Stopped by Filip Gustavsson without a rebound.
1:48 of 3rd period - Anton Gustafsson wins face-off versus Tomas Jurco in Moose zone.
2:13 of 3rd period - Mathieu Joseph is hit by Drew O'Connor and loses puck.
2:36 of 3rd period - Slapshot by Olli Juolevi.
2:36 of 3rd period - Stopped by Filip Gustavsson with a rebound.
2:56 of 3rd period - Snap shot by Anton Gustafsson.
2:56 of 3rd period - Stopped by Filip Gustavsson with a rebound.
2:58 of 3rd period - Snap shot by Anton Gustafsson.
2:58 of 3rd period - Stopped by Filip Gustavsson without a rebound.
2:59 of 3rd period - Dylan Strome wins face-off versus Anton Gustafsson in Moose zone.
3:10 of 3rd period - Snap shot by Dylan Strome.
3:10 of 3rd period - Shot Blocked by T.J Brodie.
4:19 of 3rd period - Wrist shot by Jake Leschyshyn.
4:19 of 3rd period - Goal by Jake Leschyshyn - Moose : 4 - Admirals : 2.
4:20 of 3rd period - Dylan Strome wins face-off versus Anton Gustafsson in neutral zone.
4:26 of 3rd period - Minor Penalty to Reilly Walsh for Slashing.
4:27 of 3rd period - Dylan Strome wins face-off versus Anton Gustafsson in Admirals zone.
4:33 of 3rd period - Minor Penalty to Dylan Strome for Holding.
4:34 of 3rd period - Mark McNeill wins face-off versus Michael McLeod in Moose zone.
4:37 of 3rd period - Wrist shot by Mark McNeill.
4:37 of 3rd period - Stopped by Filip Gustavsson without a rebound.
4:38 of 3rd period - Anton Gustafsson wins face-off versus Kyle Connor in Moose zone.
4:39 of 3rd period - Snap shot by Mark McNeill.
4:39 of 3rd period - Stopped by Filip Gustavsson without a rebound.
4:40 of 3rd period - Michael McLeod wins face-off versus Anton Gustafsson in Moose zone.
5:15 of 3rd period - Christian Djoos is hit by Michael McLeod and loses puck.
6:26 of 3rd period - Penalty to Reilly Walsh is over, Reilly Walsh is back on ice.
6:33 of 3rd period - Penalty to Dylan Strome is over, Dylan Strome is back on ice.
6:39 of 3rd period - Wrist shot by Dylan Strome.
6:39 of 3rd period - Stopped by Tristan Jarry with a rebound.
7:14 of 3rd period - Christian Djoos is hit by Chase De Leo and loses puck.
7:55 of 3rd period - Snap shot by Kasper Bjorkqvist.
7:55 of 3rd period - Stopped by Filip Gustavsson with a rebound.
7:57 of 3rd period - Snap shot by Kasper Bjorkqvist.
7:57 of 3rd period - Stopped by Filip Gustavsson with a rebound.
8:47 of 3rd period - Ludwig Bystrom is hit by Milos Kelemen and loses puck.
9:09 of 3rd period - Slapshot by Mathieu Joseph.
9:09 of 3rd period - Goal by Mathieu Joseph - Moose : 5 - Admirals : 2.
9:09 of 3rd period - Felix Sanstrom enters game.
9:10 of 3rd period - Anton Gustafsson wins face-off versus Dylan Strome in neutral zone.
9:22 of 3rd period - Mathieu Joseph is hit by Christian Djoos and loses puck.
10:07 of 3rd period - Christian Djoos is hit by Michael McLeod and loses puck.
10:22 of 3rd period - Slapshot by T.J Brodie.
10:22 of 3rd period - Deflect By Mark McNeill.
10:22 of 3rd period - Stopped by Filip Gustavsson with a rebound.
10:24 of 3rd period - Snap shot by Hunter Shinkaruk.
10:24 of 3rd period - Stopped by Filip Gustavsson with a rebound.
10:26 of 3rd period - Snap shot by Christian Djoos.
10:26 of 3rd period - Shot Blocked by Joey Keane.
10:28 of 3rd period - Wrist shot by Mark McNeill.
10:28 of 3rd period - Shot Blocked by Joey Keane.
11:05 of 3rd period - Mathieu Joseph is hit by Gerald Mayhew and loses puck.
11:34 of 3rd period - Juuso Valimaki is hit by Reilly Walsh and loses puck.
12:00 of 3rd period - Snap shot by Riley Barber.
12:00 of 3rd period - Deflect By Jake Leschyshyn.
12:00 of 3rd period - Stopped by Filip Gustavsson without a rebound.
12:01 of 3rd period - Drew O'Connor wins face-off versus Dylan Strome in Moose zone.
12:08 of 3rd period - Slapshot by Lucas Wallmark.
12:08 of 3rd period - Stopped by Filip Gustavsson with a rebound.
12:10 of 3rd period - Slapshot by Kasper Bjorkqvist.
12:10 of 3rd period - Shot Blocked by Ludwig Bystrom.
12:12 of 3rd period - Slapshot by Drew O'Connor.
12:12 of 3rd period - Shot Misses the Net.
12:26 of 3rd period - Dylan Strome is hit by Pavol Regenda and loses puck.
12:53 of 3rd period - Mirco Mueller is hit by Mark McNeill.
13:19 of 3rd period - Drew O'Connor is hit by Josh Mahura.
13:41 of 3rd period - Slapshot by Juuso Valimaki.
13:41 of 3rd period - Shot Misses the Net.
16:06 of 3rd period - Lucas Wallmark is hit by Kyle Connor and loses puck.
16:21 of 3rd period - Gerald Mayhew is hit by Boris Katchouk and loses puck.
16:38 of 3rd period - Snap shot by Hunter Shinkaruk.
16:38 of 3rd period - Shot Blocked by Joey Keane.
16:40 of 3rd period - Slapshot by Olli Juolevi.
16:40 of 3rd period - Shot Blocked by Kieffer Bellows.
16:42 of 3rd period - Wrist shot by Anton Gustafsson.
16:42 of 3rd period - Shot Blocked by Joey Keane.
16:44 of 3rd period - Slapshot by Reilly Walsh.
16:44 of 3rd period - Shot Blocked by Joey Keane.
17:28 of 3rd period - Wrist shot by Dylan Strome.
17:28 of 3rd period - Shot Misses the Net.
17:30 of 3rd period - Slapshot by Josh Mahura.
17:30 of 3rd period - Shot Blocked by Lucas Wallmark.
17:46 of 3rd period - Snap shot by Ludwig Bystrom.
17:46 of 3rd period - Stopped by Felix Sanstrom with a rebound.
17:48 of 3rd period - Slapshot by Mirco Mueller.
17:48 of 3rd period - Shot Blocked by Sean Durzi.
18:07 of 3rd period - Icing by Sean Durzi.
18:08 of 3rd period - Anton Gustafsson wins face-off versus Michael McLeod in Admirals zone.
18:21 of 3rd period - Snap shot by Mark McNeill.
18:21 of 3rd period - Deflect By Hunter Shinkaruk.
18:21 of 3rd period - Deflect By Michael McLeod.
18:21 of 3rd period - Shot Blocked by Nikolay Goldobin.
18:21 of 3rd period - Puck is out of play.
18:22 of 3rd period - Anton Gustafsson wins face-off versus Dylan Strome in Moose zone.
18:23 of 3rd period - Wrist shot by Mark McNeill.
18:23 of 3rd period - Goal by Mark McNeill - Moose : 5 - Admirals : 3.
18:24 of 3rd period - Dylan Strome wins face-off versus Anton Gustafsson in neutral zone.
18:35 of 3rd period - Wrist shot by Dylan Strome.
18:35 of 3rd period - Shot Misses the Net.
18:37 of 3rd period - Slapshot by Kyle Connor.
18:37 of 3rd period - Shot Misses the Net.
18:39 of 3rd period - Wrist shot by Kyle Connor.
18:39 of 3rd period - Shot Misses the Net.
19:00 of 3rd period - Minor Penalty to Tomas Jurco for Roughing.
19:01 of 3rd period - Dylan Strome wins face-off versus Anton Gustafsson in Moose zone.
19:01 of 3rd period - Dylan Strome is hit by Mark McNeill.
19:21 of 3rd period - T.J Brodie is hit by Mirco Mueller and loses puck.
19:44 of 3rd period - Wrist shot by Kasper Bjorkqvist.
19:44 of 3rd period - Shot Misses the Net.
Goals for this period are 2 for Moose vs 1 for Admirals.
Shots for this period are 5 for Moose vs 13 for Admirals.